Cogmind - Beta 16 @@@ ROGUE MODE // 2025.11.01 @ 20:34:28 Player: Bt-7274 Result: Destroyed by B-75 Beast with Heavy Plasma Cannon Performance ------------- Evolutions (5) 2500 Regions Visited (15) 3000 Robots Destroyed (101) 505 Value Destroyed (3377) 3377 Prototype IDs (40) 800 Alien Tech Used (0) 0 Bonus (600) 600 TOTAL SCORE: 10782 Bonus ------- Aligned with FarCom 300 Met Data Miner 300 Cogmind --------- Core Integrity 0/1000 Matter 177/300 Energy 87/100 System Corruption 0% Temperature Cool (12) Movement Core (50) Location -5/Extension Parts ------- > --- POWER (1) -------- (None) > --- PROPULSION (5) --- (None) > --- UTILITY (7) ------ Machine Analyzer Improved Signal Interpreter System Shield System Shield System Shield > --- WEAPON (4) ------- (None) > --- INVENTORY (5) ---- Light Deuterium Engine ECM Suite Powered Hammer Peak State ------------ > --- POWER ------------ Light Nuclear Core > --- PROPULSION ------- Armored Huge Wheel Armored Huge Wheel Improved VTOL Module > --- UTILITY ---------- Heat Sink Large Storage Unit Improved Signal Interpreter Hacking Suite System Shield > --- WEAPON ----------- KE Penetrator AWS/Autocannon > --- INVENTORY -------- Light Nuclear Core Fission Core Advanced Treads Xenon Bombardment Thruster Xenon Bombardment Thruster Nuclear Pulse Thruster Small Storage Unit Weight Redist. System Improved Salvage Targeting Computer Advanced Targeting Computer Improved Light Armor Plating Powered Hammer [Rating: 74] Favorites ----------- Power Light Nuclear Core Engine Light Ion Engine Power Core Light Nuclear Core Propulsion Armored Huge Wheel Treads Advanced Treads Leg Aluminum Leg Wheel Armored Huge Wheel Hover Unit Linear Gravjet Flight Unit Xenon Bombardment Thruster Utility Large Storage Unit Device Heat Sink Storage Large Storage Unit Processor Improved Signal Interpreter Hackware System Shield Protection Improved Light Armor Plating Weapon AWS/Autocannon Energy Gun EM Pulse Gun Ballistic Gun Assault Rifle Ballistic Cannon AWS/Autocannon Launcher Fusion Bomb Launcher Build | -11 -10 -10 -10 -9 -8 -7 -7 -7 -7 -6 -6 -5 -5 -5 -5 ------- Run | Yrd Mat Min Exi Min Mat Fac Low Low Dat Pro Fac Fac Was Fac Ext Slots Evolved 10 | . . . . . 4 2 . . . . 2 2 . . . Power . | . . . . . . . . . . . . . . . . Propulsion 3 | . . . . . 1 2 . . . . . . . . . Utility 5 | . . . . . 1 . . . . . 2 2 . . . Weapon 2 | . . . . . 2 . . . . . . . . . . Parts Attached 59 | 9 9 4 1 1 8 3 1 2 . . 9 2 . 8 2 Power 10 | 1 2 2 . . 1 . . 1 . . 1 . . 2 . Engine 6 | 1 2 1 . . . . . . . . . . . 2 . Core 4 | . . 1 . . 1 . . 1 . . 1 . . . . Reactor . | . . . . . . . . . . . . . . . . Propulsion 21 | 3 3 2 . . 4 2 . . . . 5 . . 1 1 Treads 7 | 2 . . . . 4 . . . . . 1 . . . . Leg 5 | 1 2 2 . . . . . . . . . . . . . Wheel 2 | . . . . . . 2 . . . . . . . . . Hover 2 | . 1 . . . . . . . . . . . . . 1 Flight 5 | . . . . . . . . . . . 4 . . 1 . Utility 16 | 2 2 . . 1 1 . . 1 . . 3 2 . 3 1 Device 4 | 1 1 . . 1 . . . . . . . 1 . . . Storage 2 | 1 1 . . . . . . . . . . . . . . Processor 2 | . . . . . . . . 1 . . . . . . 1 Hackware 7 | . . . . . . . . . . . 3 1 . 3 . Protection 1 | . . . . . 1 . . . . . . . . . . Artifact . | . . . . . . . . . . . . . . . . Weapon 12 | 3 2 . 1 . 2 1 1 . . . . . . 2 . Energy Gun 4 | 2 1 . 1 . . . . . . . . . . . . Energy Cannon . | . . . . . . . . . . . . . . . . Ballistic Gun 6 | 1 1 . . . 1 1 1 . . . . . . 1 . Ballistic Cannon 1 | . . . . . 1 . . . . . . . . . . Launcher 1 | . . . . . . . . . . . . . . 1 . Special Weapon . | . . . . . . . . . . . . . . . . Impact Weapon . | . . . . . . . . . . . . . . . . Slashing Weapon . | . . . . . . . . . . . . . . . . Piercing Weapon . | . . . . . . . . . . . . . . . . Special Melee Weapon . | . . . . . . . . . . . . . . . . Unidentified Prototypes 2 | . . . . . 1 . . . . . 1 . . . . Parts Lost 22 | . 5 . . 1 . . . 1 . . 2 . 2 6 5 Power 4 | . 1 . . . . . . 1 . . 1 . . 1 . Propulsion 8 | . 2 . . . . . . . . . . . 2 2 2 Utility 6 | . 1 . . 1 . . . . . . . . . 2 2 Weapon 4 | . 1 . . . . . . . . . 1 . . 1 1 Highest Loss Streak 4 | . 4 . . 1 . . . 1 . . 2 . 2 4 3 To Critical Strikes . | . . . . . . . . . . . . . . . . Average Backups 12 | 2 8 14 14 12 14 14 15 14 15 15 9 5 7 3 3 Power 1 | . 1 1 1 1 1 2 2 1 2 2 . . . . 1 Propulsion 4 | . 3 6 5 4 4 4 5 5 5 5 2 1 1 . 1 Utility 5 | . 2 4 5 4 5 6 7 7 7 7 5 3 3 . . Weapon 1 | . 1 3 3 3 2 1 1 1 1 1 1 1 2 2 1 Tool/Special . | . . . . . . . . . . . . . . . . Unused Backups 17 | . 1 . 2 . 1 2 1 . . 3 2 . 3 . 2 Power 1 | . . . . . . . . . . . 1 . . . . Propulsion 4 | . . . 2 . . . . . . 2 . . . . . Utility 10 | . 1 . . . 1 1 1 . . 1 1 . 3 . 1 Weapon 2 | . . . . . . 1 . . . . . . . . 1 Tool/Special . | . . . . . . . . . . . . . . . . Average Slot Usage (%) 77 | . 93 100 100 99 74 71 69 68 69 69 67 68 70 44 34 Engine 1 | . 14 2 . . . . . . . . . . . . . Core 7 | . . 11 14 14 8 7 7 6 7 7 5 5 5 . . Treads 7 | . 18 . . . 22 14 7 7 7 7 2 . . . . Leg 7 | . 7 28 28 28 1 . . . . . . . . . . Wheel 6 | . . . . . . 9 15 15 15 15 6 . . . . Flight 1 | . . . . . . . . . . . 13 23 23 7 . Device 8 | . 10 14 14 13 8 7 7 7 7 7 3 4 5 1 . Storage 8 | . 14 14 14 14 9 7 7 7 7 7 6 5 5 . . Processor 1 | . . . . . . . . . 7 7 6 5 5 5 9 Hackware 2 | . . . . . . . . . . . 15 23 23 23 24 Protection 2 | . . . . . 6 7 7 6 . . . . . . . Energy Gun 4 | . 14 14 14 14 1 . . . . . . . . . . Ballistic Gun 8 | . 14 14 14 14 9 7 7 7 7 7 2 . . 3 . Ballistic Cannon 3 | . . . . . 7 7 7 7 7 7 2 . . . . Peak Build Rating 74 | 7 8 11 15 15 50 65 67 67 67 68 74 41 41 43 30 Average Rating 40 | 5 7 10 12 14 43 59 66 66 67 67 51 40 37 26 20 On Entrance 34 | . 7 8 11 15 14 50 65 67 67 67 68 35 41 20 22 Avg Prop Armor Cover (%) 5 | . . . . . . 5 5 5 5 5 5 . . 4 . Naked Turns . | . . . . . . . . . . . . . . . . Heaviest Build 94 | 12 29 29 31 31 92 92 94 94 91 91 91 10 10 11 12 Greatest Support 82 | 40 40 20 20 20 62 82 56 56 56 56 56 29 29 28 28 Greatest Overweight (x) 8 | . 8 1 1 1 2 3 1 1 1 1 4 . . 1 3 Average Overweight (x) . | . . 1 1 1 1 1 1 1 1 1 . . . . . Largest Inventory Capacity 15 | 8 15 15 15 15 15 15 15 15 15 15 15 8 8 5 5 Average Capacity 13 | 7 14 15 15 15 15 15 15 15 15 15 11 8 7 5 5 Most Carried 15 | 3 13 15 15 15 15 15 15 15 15 15 14 8 8 5 5 Average Carried 12 | 2 8 14 14 14 14 14 14 14 15 15 9 6 7 4 4 Final Capacity 15 | 8 15 15 15 15 15 15 15 15 15 15 8 8 5 5 5 Final Carried 15 | 3 13 15 15 15 15 15 15 15 15 15 8 8 5 5 3 Class Distribution -------------------- 25% | Tank 21% | Mutant 16% | Skirmisher 15% | Scavenger-Mutant 9% | Gunner 7% | Hacker-Mutant 3% | Hacker-Sprinter Dominant Class ---------------- Mutant | -10/Materials Scavenger-Mutant | -10/Mines Scavenger-Mutant | -10/Exiles Mutant | -9/Mines Skirmisher | -8/Materials Skirmisher | -7/Factory Tank | -7/Lower Caves Tank | -7/Lower Caves Gunner | -7/Data Miner Gunner | -6/Proximity Caves Hacker-Sprinter | -6/Factory Hacker-Sprinter | -5/Factory Hacker-Sprinter | -5/Waste Hacker-Mutant | -5/Factory Hacker-Mutant | -5/Extension Resources | -11 -10 -10 -10 -9 -8 -7 -7 -7 -7 -6 -6 -5 -5 -5 -5 ----------- Run | Yrd Mat Min Exi Min Mat Fac Low Low Dat Pro Fac Fac Was Fac Ext Matter Collected 1297 | 303 124 96 . 66 190 54 114 44 . 66 22 . . 135 83 Remotely . | . . . . . . . . . . . . . . . . Salvage Created 3265 | 88 395 217 . 38 722 62 957 178 . 395 49 . . 164 . Parts 191 | 6 31 18 . 1 53 6 41 10 . 10 3 . . 12 . Haulers Intercepted 3 | . . . . . 2 1 . . . . . . . . . Recyclers Shooed 1 | . . . . . 1 . . . . . . . . . . Parts Field Recycled . | . . . . . . . . . . . . . . . . Retrieved Matter . | . . . . . . . . . . . . . . . . Parts Self-Destructed 55 | . . . . . . . 40 8 . 7 . . . . . Prevented . | . . . . . . . . . . . . . . . . Parts Restored . | . . . . . . . . . . . . . . . . Kills | -11 -10 -10 -10 -9 -8 -7 -7 -7 -7 -6 -6 -5 -5 -5 -5 ------- Run | Yrd Mat Min Exi Min Mat Fac Low Low Dat Pro Fac Fac Was Fac Ext Combat Hostiles Destroyed 72 | . 7 2 . 1 15 . 27 8 . 6 1 . . 5 . Guns 13 | . 7 2 . 1 1 . . 2 . . . . . . . Cannons 54 | . . . . . 14 . 27 6 . 6 1 . . . . AOE 5 | . . . . . . . . . . . . . . 5 . Classes Destroyed 15 | 1 5 1 . 1 5 . 1 1 . . . . . . . Worker 2 | . . . . . 1 . . . . . . . . 1 . Builder 2 | . . 1 . . . . . . . . . . . 1 . Tunneler 9 | 4 2 2 . 1 . . . . . . . . . . . Hauler 3 | . . . . . 2 1 . . . . . . . . . Recycler 3 | . 1 1 . . 1 . . . . . . . . . . Operator 3 | . 1 . . . . 1 . . . . . . . 1 . Watcher 8 | . 1 . . . 4 1 . . . . 1 . . 1 . Swarmer 22 | . 3 . . . 3 . 7 4 . . . . . 5 . Grunt 36 | . 4 2 . . 7 . 15 3 . 4 1 . . . . Brawler 1 | . . . . . . . . 1 . . . . . . . Duelist 1 | . . . . . 1 . . . . . . . . . . Sentry 6 | . . . . . 3 . 3 . . . . . . . . Hunter 3 | . . . . . 1 . 1 . . 1 . . . . . Behemoth 2 | . . . . . . . 1 . . 1 . . . . . Assembled 1 | . . . . 1 . . . . . . . . . . . Best Kill Streak 11 | 2 4 2 . 1 5 1 11 4 . 3 2 . . 7 . Combat Bots Only 11 | . 4 2 . 1 5 . 11 4 . 3 1 . . 5 . Max Kills in Single Turn 5 | 1 1 1 . 1 1 1 1 1 . 1 1 . . 5 . Gunslinging . | . . . . . . . . . . . . . . . . Exploded 5 | . . . . . . . . . . . . . . 5 . Melee . | . . . . . . . . . . . . . . . . Uniques/NPCs Destroyed . | . . . . . . . . . . . . . . . . Combat | -11 -10 -10 -10 -9 -8 -7 -7 -7 -7 -6 -6 -5 -5 -5 -5 -------- Run | Yrd Mat Min Exi Min Mat Fac Low Low Dat Pro Fac Fac Was Fac Ext Hostile Shots Fired 335 | . 82 12 . 9 22 . 71 13 . 32 10 . 2 36 46 Missed 96 | . 12 2 . 3 5 . 21 1 . 9 5 . . 19 19 Hits 239 | . 70 10 . 6 17 . 50 12 . 23 5 . 2 17 27 Melee 4 | . . . . 2 . . . . . . . . 2 . . Projectile 235 | . 70 10 . 4 17 . 50 12 . 23 5 . . 17 27 Critical Strikes 3 | . . . . . . . . . . 1 . . . 1 1 Damage Taken 4392 | . 697 139 . 77 233 . 751 181 . 487 275 . 65 839 648 Core 1353 | . 131 15 . 22 51 . 49 18 . 34 18 . 65 457 493 Absorbed by Shields 16 | . . . . . . . . . . . . . . . 16 Core Remaining (%) 80 | 100 . . . 32 90 . . . . 85 97 . . . . Volleys Fired 163 | 13 44 12 . 10 11 1 26 6 . 14 . . . 25 1 Largest 2 | 2 2 2 . 2 2 1 1 1 . 1 . . . 1 1 Hottest 85 | 70 70 60 . 85 60 25 25 33 . 33 . . . 52 52 Shots Fired 375 | 26 88 24 . 20 48 5 74 23 . 35 6 . . 25 1 Gun 241 | 26 88 24 . 20 12 1 26 6 . 14 . . . 24 . Cannon 132 | . . . . . 36 4 48 17 . 21 6 . . . . Launcher 2 | . . . . . . . . . . . . . . 1 1 Special . | . . . . . . . . . . . . . . . . Kinetic 293 | 13 44 12 . 10 47 5 74 23 . 35 6 . . 24 . Thermal 63 | 13 35 12 . 3 . . . . . . . . . . . Explosive 2 | . . . . . . . . . . . . . . 1 1 Electromagnetic 17 | . 9 . . 7 1 . . . . . . . . . . Robot Hit Streak 16 | 6 9 10 . 4 10 13 16 8 . 5 4 . . 11 . Robot Miss Streak 6 | 2 5 3 . 6 5 1 3 2 . 2 1 . . 2 . Penetration Max . | . . . . . . . . . . . . . . . . Secondary Targets 2 | . 2 . . . . . . . . . . . . . . Max Gunslinging Chain 1 | . 1 . . . . . . . . . . . . . . Autonomous 132 | . . . . . 36 4 48 17 . 21 6 . . . . Shots Hit Robots 245 | 17 46 14 . 9 32 4 56 18 . 23 5 . . 21 . Core Hits 123 | 6 23 10 . 4 21 2 26 8 . 10 . . . 13 . Critical Kills 6 | . . . . . 1 . . . . 1 . . . 4 . Critical Parts Destroyed 7 | . . . . . . . . . . 1 . . . 6 . Critical Strikes 23 | . 1 . . . 4 . 5 1 . 2 . . . 10 . Burn 1 | . 1 . . . . . . . . . . . . . . Destroy 13 | . . . . . 1 . . . . 2 . . . 10 . Blast 9 | . . . . . 3 . 5 1 . . . . . . . Melee Attacks . | . . . . . . . . . . . . . . . . Impact . | . . . . . . . . . . . . . . . . Slashing . | . . . . . . . . . . . . . . . . Piercing . | . . . . . . . . . . . . . . . . Sneak Attacks . | . . . . . . . . . . . . . . . . Combat Hostiles . | . . . . . . . . . . . . . . . . Follow-up Attacks . | . . . . . . . . . . . . . . . . Damage Inflicted 10675 | 189 477 157 . 116 2092 273 3537 1171 . 1459 361 . . 843 . Guns 1702 | 189 469 157 . 116 105 20 241 88 . 190 . . . 127 . Cannons 8249 | . . . . . 1987 253 3296 1083 . 1269 361 . . . . Explosions 716 | . . . . . . . . . . . . . . 716 . Melee . | . . . . . . . . . . . . . . . . Ramming 8 | . 8 . . . . . . . . . . . . . . Kinetic 9436 | 73 198 82 . 73 2082 273 3537 1171 . 1459 361 . . 127 . Thermal 392 | 116 184 75 . 17 . . . . . . . . . . . Explosive 716 | . . . . . . . . . . . . . . 716 . Electromagnetic 123 | . 87 . . 26 10 . . . . . . . . . . Impact . | . . . . . . . . . . . . . . . . Slashing . | . . . . . . . . . . . . . . . . Piercing . | . . . . . . . . . . . . . . . . Highest Corruption 2 | . . . . 2 . . . . . . . . . . . Average Corruption 2 | . . . . 2 . . . . . . . . . . . Corruption Purged . | . . . . . . . . . . . . . . . . Corruption Blocked . | . . . . . . . . . . . . . . . . Effects 8 | . . . . 8 . . . . . . . . . . . Message Errors 4 | . . . . 4 . . . . . . . . . . . Matter Fused 2 | . . . . 2 . . . . . . . . . . . Energy Discharges 2 | . . . . 2 . . . . . . . . . . . Overload Shots . | . . . . . . . . . . . . . . . . Overflow Damage 932 | . . . . . 95 75 381 155 . 30 125 . . 70 1 Projectiles 852 | . . . . . 95 75 381 155 . 30 116 . . . . Explosions 80 | . . . . . . . . . . . 9 . . 70 1 Melee . | . . . . . . . . . . . . . . . . Knockbacks 16 | . . . . . 1 1 3 4 . 6 1 . . . . Impact . | . . . . . . . . . . . . . . . . Kinetic 14 | . . . . . 1 1 3 3 . 5 1 . . . . Secondary 2 | . . . . . . . . 1 . 1 . . . . . Self-Inflicted Damage 451 | . . . . . . . . . . . 197 . . 220 34 Shots 7 | . . . . . . . . . . . 3 . . 3 1 Rammed 2 | . 2 . . . . . . . . . . . . . . Targets Rammed 4 | . 4 . . . . . . . . . . . . . . Kicked 2 | . 2 . . . . . . . . . . . . . . Crushed . | . . . . . . . . . . . . . . . . Highest Temperature 276 | 90 276 81 . 90 . . 8 . . 15 . . . . . Average Temperature 78 | 42 106 37 . 38 . . 8 . . 15 . . . . . Received Heat Transfer 1049 | . 258 81 . 80 81 . 204 27 . 78 9 . . 54 177 Siege Activations . | . . . . . . . . . . . . . . . . Martial Activations . | . . . . . . . . . . . . . . . . Shielding Activations . | . . . . . . . . . . . . . . . . Robots Disrupted . | . . . . . . . . . . . . . . . . Combat Hostiles . | . . . . . . . . . . . . . . . . Robots Corrupted . | . . . . . . . . . . . . . . . . Combat Hostiles . | . . . . . . . . . . . . . . . . Parts Fried . | . . . . . . . . . . . . . . . . Impact Corruptions . | . . . . . . . . . . . . . . . . Robots Melted . | . . . . . . . . . . . . . . . . Combat Hostiles . | . . . . . . . . . . . . . . . . Parts Melted . | . . . . . . . . . . . . . . . . Heat Transferred 1162 | 333 617 175 . 37 . . . . . . . . . . . Parts Sabotaged . | . . . . . . . . . . . . . . . . Parts Stolen . | . . . . . . . . . . . . . . . . Parts Stripped . | . . . . . . . . . . . . . . . . Power Chain Reactions . | . . . . . . . . . . . . . . . . Alert | -11 -10 -10 -10 -9 -8 -7 -7 -7 -7 -6 -6 -5 -5 -5 -5 ------- Run | Yrd Mat Min Exi Min Mat Fac Low Low Dat Pro Fac Fac Was Fac Ext Maximum Alert Level 1 | . . . . . . . . . . . . . . 1 1 Low Security (%) 94 | 100 100 100 . 100 100 100 . . . . 100 100 100 39 84 Level 1 5 | . . . . . . . . . . . . . . 60 15 Level 2 . | . . . . . . . . . . . . . . . . Level 3 . | . . . . . . . . . . . . . . . . Level 4 . | . . . . . . . . . . . . . . . . Level 5 . | . . . . . . . . . . . . . . . . High Security . | . . . . . . . . . . . . . . . . Max Security . | . . . . . . . . . . . . . . . . Peak Influence 272 | 5 59 50 . 5 182 43 . . . . 129 . . 272 256 Initial 105 | . . . . . . 43 . . . . 39 . . . 105 Average 41 | . 11 7 . . 99 4 . . . . 39 . . 143 141 Influence Increases 2566 | 20 219 70 . 5 436 20 600 180 . 160 178 . . 387 291 Destroy 0b10 Robot/C 1420 | . 140 40 . . 300 . 540 160 . 120 20 . . 100 . Destroy 0b10 Robot/NC 165 | 20 25 20 . 5 40 15 5 . . 10 5 . . 20 . Destroy Leader 232 | . 32 10 . . 82 4 40 20 . 30 2 . . 12 . Successful Hack 25 | . 6 . . . 5 . . . . . 14 . . . . Disable Machine 180 | . . . . . . . . . . . 105 . . 60 15 Destroy Structure 154 | . 1 . . . 9 1 . . . . 17 . . 90 36 Partial Spotted 45 | . . . . . . . . . . . 15 . . 15 15 Lose Combat Pursuer 345 | . 15 . . . . . 15 . . . . . . 90 225 Influence Decreases 2330 | 20 219 70 . 5 340 116 450 330 . 96 242 . . 170 272 Entered New Map 219 | . . . . . . 53 . 29 . . 25 . . . 112 Time Decay 1842 | 20 169 70 . 5 340 63 450 291 . 96 118 . . 110 110 Lost Part 190 | . 50 . . . . . . 10 . . 20 . . 60 50 Purge Threat 79 | . . . . . . . . . . . 79 . . . . Squads Dispatched 5 | . 1 . . . . 1 . . . . 1 . . 2 . Investigation 1 | . . . . . . . . . . . 1 . . . . Extermination 2 | . . . . . . 1 . . . . . . . 1 . Reinforcement 2 | . 1 . . . . . . . . . . . . 1 . Assault . | . . . . . . . . . . . . . . . . Garrison . | . . . . . . . . . . . . . . . . Intercept . | . . . . . . . . . . . . . . . . Searches Triggered . | . . . . . . . . . . . . . . . . Data Miner Redirects 1 | . . . . . . . . . . . 1 . . . . Construction Impeded . | . . . . . . . . . . . . . . . . Haulers Reinforced 1 | . . . . . . . . . . . . . . 1 . Active Scanning Responses . | . . . . . . . . . . . . . . . . Cargo Convoy Interrupts . | . . . . . . . . . . . . . . . . Stealth | -11 -10 -10 -10 -9 -8 -7 -7 -7 -7 -6 -6 -5 -5 -5 -5 --------- Run | Yrd Mat Min Exi Min Mat Fac Low Low Dat Pro Fac Fac Was Fac Ext Distress Signals 6 | . 2 . . 2 2 . . . . . . . . . . Communications Jammed . | . . . . . . . . . . . . . . . . Distress Signals . | . . . . . . . . . . . . . . . . Times Spotted 127 | . 15 2 . 2 19 2 27 8 . 10 4 . 6 14 18 Peak Tracking Total 14 | . 4 2 . 1 3 1 10 4 . 5 2 . 6 5 14 Tactical Retreats 9 | . 1 . . 1 . . 1 . . . . . . 3 3 Traps | -11 -10 -10 -10 -9 -8 -7 -7 -7 -7 -6 -6 -5 -5 -5 -5 ------- Run | Yrd Mat Min Exi Min Mat Fac Low Low Dat Pro Fac Fac Was Fac Ext Traps Triggered 5 | . . . . . 1 1 . . . . . 1 . 1 1 Indirectly . | . . . . . . . . . . . . . . . . Trap Hack Attempts . | . . . . . . . . . . . . . . . . Triggered . | . . . . . . . . . . . . . . . . Disarmed . | . . . . . . . . . . . . . . . . Reprogrammed . | . . . . . . . . . . . . . . . . Reused . | . . . . . . . . . . . . . . . . Traps Extracted . | . . . . . . . . . . . . . . . . Installed . | . . . . . . . . . . . . . . . . Triggered . | . . . . . . . . . . . . . . . . Machines | -11 -10 -10 -10 -9 -8 -7 -7 -7 -7 -6 -6 -5 -5 -5 -5 ---------- Run | Yrd Mat Min Exi Min Mat Fac Low Low Dat Pro Fac Fac Was Fac Ext Machines Disabled 12 | . . . . . . . . . . . 7 . . 4 1 Max in Single Turn 7 | . . . . . . . . . . . 7 . . 2 1 Garrison Access 1 | . . . . . . . . . . . 1 . . . . Machines Repaired . | . . . . . . . . . . . . . . . . Machines Dismantled . | . . . . . . . . . . . . . . . . Machines Sabotaged . | . . . . . . . . . . . . . . . . Overloaded Fab Kills . | . . . . . . . . . . . . . . . . Hacking | -11 -10 -10 -10 -9 -8 -7 -7 -7 -7 -6 -6 -5 -5 -5 -5 --------- Run | Yrd Mat Min Exi Min Mat Fac Low Low Dat Pro Fac Fac Was Fac Ext Machines Accessed 18 | . 2 . 1 . 1 5 1 . 4 . 2 1 . 1 . Terminals 8 | . 2 . . . 1 2 1 . . . 1 . . 1 . Fabricators 2 | . . . . . . 2 . . . . . . . . . Repair Stations . | . . . . . . . . . . . . . . . . Recycling Units 1 | . . . . . . . . . . . . 1 . . . Scanalyzers . | . . . . . . . . . . . . . . . . Garrison Access 2 | . . . . . . 1 . . . . 1 . . . . Total Hacks 56 | . 3 . 1 . 3 8 6 . 27 . 5 1 . 2 . Successful 45 | . 1 . 1 . 3 3 6 . 27 . 3 . . 1 . Failed 11 | . 2 . . . . 5 . . . . 2 1 . 1 . Catastrophic 3 | . 1 . . . . 1 . . . . 1 . . . . Database Lockouts . | . . . . . . . . . . . . . . . . Manual 7 | . 3 . 1 . . 3 . . . . . . . . . Terminals 21 | . 3 . . . 3 3 6 . . . 4 . . 2 . Fabricators 2 | . . . . . . 2 . . . . . . . . . Repair Stations . | . . . . . . . . . . . . . . . . Recycling Units 1 | . . . . . . . . . . . . 1 . . . Scanalyzers . | . . . . . . . . . . . . . . . . Garrison Access 4 | . . . . . . 3 . . . . 1 . . . . Terminal Hacks 42 | . 1 . 1 . 3 1 6 . 27 . 2 . . 1 . Record 18 | . . . . . 1 . 6 . 11 . . . . . . Part Schematic 8 | . . . . . . . . . 8 . . . . . . Robot Schematic 5 | . . . . . . . . . 5 . . . . . . Prototype ID Bank 5 | . 1 . . . 1 . . . 3 . . . . . . Open Door 1 | . . . . . . . . . . . . . . 1 . Unreport Threat 3 | . . . . . . 1 . . . . 2 . . . . Hauler Manifests 1 | . . . . . 1 . . . . . . . . . . Proto ID Catalog 1 | . . . 1 . . . . . . . . . . . . Fabricator Hacks 2 | . . . . . . 2 . . . . . . . . . Network Status 2 | . . . . . . 2 . . . . . . . . . Repair Station Hacks . | . . . . . . . . . . . . . . . . Recycling Unit Hacks . | . . . . . . . . . . . . . . . . Scanalyzer . | . . . . . . . . . . . . . . . . Garrison Access Hacks 1 | . . . . . . . . . . . 1 . . . . Seal Access 1 | . . . . . . . . . . . 1 . . . . Unauthorized Hacks . | . . . . . . . . . . . . . . . . Terminals . | . . . . . . . . . . . . . . . . Fabricators . | . . . . . . . . . . . . . . . . Repair Stations . | . . . . . . . . . . . . . . . . Recycling Units . | . . . . . . . . . . . . . . . . Scanalyzers . | . . . . . . . . . . . . . . . . Garrison Access . | . . . . . . . . . . . . . . . . Data Cores Recovered 2 | . . . . . . 1 . . . . . . . 1 . Used 1 | . . . . . . 1 . . . . . . . . . Hacking Detections 10 | . 2 . . . 1 4 1 . . . 1 1 . . . Full Trace Events 2 | . . . . . . . 1 . . . 1 . . . . Feedback Events . | . . . . . . . . . . . . . . . . Feedback Blocked . | . . . . . . . . . . . . . . . . Robot Schematics Acquired 5 | . . . . . . . . . 5 . . . . . . Robots Built . | . . . . . . . . . . . . . . . . Authchips . | . . . . . . . . . . . . . . . . Time . | . . . . . . . . . . . . . . . . Total Robot Build Rating . | . . . . . . . . . . . . . . . . Part Schematics Acquired 8 | . . . . . . . . . 8 . . . . . . Parts Built . | . . . . . . . . . . . . . . . . Authchips . | . . . . . . . . . . . . . . . . Time . | . . . . . . . . . . . . . . . . Total Part Build Rating . | . . . . . . . . . . . . . . . . Part Studies Acquired . | . . . . . . . . . . . . . . . . Parts Repaired . | . . . . . . . . . . . . . . . . Time . | . . . . . . . . . . . . . . . . Parts Recycled . | . . . . . . . . . . . . . . . . Recycled Matter . | . . . . . . . . . . . . . . . . Retrieved Matter . | . . . . . . . . . . . . . . . . Retrieved Components . | . . . . . . . . . . . . . . . . Parts Scanalyzed . | . . . . . . . . . . . . . . . . Part Schematics Acquired . | . . . . . . . . . . . . . . . . Parts Damaged . | . . . . . . . . . . . . . . . . Bothacking | -11 -10 -10 -10 -9 -8 -7 -7 -7 -7 -6 -6 -5 -5 -5 -5 ------------ Run | Yrd Mat Min Exi Min Mat Fac Low Low Dat Pro Fac Fac Was Fac Ext Used RIF Installer . | . . . . . . . . . . . . . . . . Robots Hacked . | . . . . . . . . . . . . . . . . Non-combat . | . . . . . . . . . . . . . . . . Combat . | . . . . . . . . . . . . . . . . Robot Hacks Applied . | . . . . . . . . . . . . . . . . Relay Couplers Released . | . . . . . . . . . . . . . . . . Fabnet Peak Effective % . | . . . . . . . . . . . . . . . . Robots Rewired . | . . . . . . . . . . . . . . . . Allies Hacked . | . . . . . . . . . . . . . . . . Hacks Repelled . | . . . . . . . . . . . . . . . . Allies | -11 -10 -10 -10 -9 -8 -7 -7 -7 -7 -6 -6 -5 -5 -5 -5 -------- Run | Yrd Mat Min Exi Min Mat Fac Low Low Dat Pro Fac Fac Was Fac Ext Total Allies . | . . . . . . . . . . . . . . . . Largest Group . | . . . . . . . . . . . . . . . . Highest-Rated Group . | . . . . . . . . . . . . . . . . Highest-Rated Ally . | . . . . . . . . . . . . . . . . Total Orders . | . . . . . . . . . . . . . . . . Ally Attacks . | . . . . . . . . . . . . . . . . Total Damage . | . . . . . . . . . . . . . . . . Kills . | . . . . . . . . . . . . . . . . Allies Corrupted . | . . . . . . . . . . . . . . . . Allies Melted . | . . . . . . . . . . . . . . . . Intel | -11 -10 -10 -10 -9 -8 -7 -7 -7 -7 -6 -6 -5 -5 -5 -5 ------- Run | Yrd Mat Min Exi Min Mat Fac Low Low Dat Pro Fac Fac Was Fac Ext Active Infowar (turns) 1904 | 38 521 372 417 397 . . . . . . . . . . 159 Seismic 1745 | 38 521 372 417 397 . . . . . . . . . . . Machine Analysis 159 | . . . . . . . . . . . . . . . 159 Robot Analysis Total . | . . . . . . . . . . . . . . . . Derelict Logs Recovered 7 | . . 1 . 1 . . 2 1 . 2 . . . . . Drone Launches . | . . . . . . . . . . . . . . . . Drone Recoveries . | . . . . . . . . . . . . . . . . Exploration | -11 -10 -10 -10 -9 -8 -7 -7 -7 -7 -6 -6 -5 -5 -5 -5 ------------- Run | Yrd Mat Min Exi Min Mat Fac Low Low Dat Pro Fac Fac Was Fac Ext Turns Passed 7937 | 191 731 372 417 1075 895 543 1384 640 97 593 341 49 40 337 232 Spaces Moved 5935 | 91 313 171 218 358 348 371 1157 541 85 478 543 156 118 640 347 Core 367 | 4 9 . . . . . . . . . . . . 65 289 Treads 699 | 82 222 . . . 319 75 . . . . 1 . . . . Legs 863 | 5 82 171 218 358 29 . . . . . . . . . . Wheels 2704 | . . . . . . 296 1157 541 85 478 131 . . 13 3 Hover 55 | . . . . . . . . . . . . . . . 55 Flight 1247 | . . . . . . . . . . . 411 156 118 562 . Fastest Speed 29 | 50 160 190 190 190 160 115 115 115 115 115 29 29 29 34 40 Average Speed 115 | 152 176 190 190 190 241 139 115 115 115 115 50 29 30 39 49 Slowest Speed 465 | 160 450 190 190 190 320 236 115 115 115 115 465 29 40 114 200 Overloaded Moves . | . . . . . . . . . . . . . . . . Propulsion Burnouts . | . . . . . . . . . . . . . . . . Robots Hopped 10 | . . . . . . . . . . . . 3 . 7 . Potential Cave-ins . | . . . . . . . . . . . . . . . . Cave-ins Triggered . | . . . . . . . . . . . . . . . . Exploration Rate (%) 45 | 7 37 44 60 57 39 13 95 66 69 75 12 4 78 19 48 Regions Visited 15 Branch Regions 8 Pre-discovered Areas 4 | . . . . . . . 1 1 1 1 . . . . . Known Exits Taken 5 | . . . . . . . . 1 1 1 1 . . 1 . Unknown Exits Taken 8 | 1 1 1 1 1 1 1 1 . . . . . . . . Scrap Searched 7 | . . . . 2 . . 3 . . 2 . . . . . Spaces Dug . | . . . . . . . . . . . . . . . . Terrain Destroyed 119 | . . . . . 8 1 9 5 . 5 18 . . 43 30 Melee . | . . . . . . . . . . . . . . . . Projectile 29 | . . . . . 8 1 9 5 . 5 1 . . . . AOE 90 | . . . . . . . . . . . 17 . . 43 30 Terrain Rammed . | . . . . . . . . . . . . . . . . Walls Destroyed . | . . . . . . . . . . . . . . . . Machines Disabled . | . . . . . . . . . . . . . . . . Actions | -11 -10 -10 -10 -9 -8 -7 -7 -7 -7 -6 -6 -5 -5 -5 -5 --------- Run | Yrd Mat Min Exi Min Mat Fac Low Low Dat Pro Fac Fac Was Fac Ext Total 6803 | 116 409 194 224 733 397 400 1196 553 84 510 613 157 121 692 404 Wait 524 | . 22 2 . 363 7 . 10 2 . 13 43 . 2 21 39 Move 5901 | 90 312 170 217 357 347 370 1156 540 84 477 542 150 117 625 347 Hop 10 | . . . . . . . . . . . . 3 . 7 . Pick Up 45 | 3 13 1 2 1 5 6 1 1 . 3 5 2 1 . 1 Fast Attach 30 | 8 1 . . . 9 3 . . . . 1 . . 6 2 Attach 28 | . 5 . . 1 3 1 . 1 . . 9 2 . 4 2 Detach 8 | . 1 . . . 2 . . . . . 1 . . 4 . Swap 22 | 1 5 6 1 1 3 1 1 2 . . 1 . . . . Drop 48 | 1 2 3 4 . 10 10 2 1 . 3 11 . 1 . . Fire 163 | 13 44 12 . 10 11 1 26 6 . 14 . . . 25 1 Melee . | . . . . . . . . . . . . . . . . Ram . | . . . . . . . . . . . . . . . . Kick 2 | . 2 . . . . . . . . . . . . . . Crush 2 | . 2 . . . . . . . . . . . . . . Escape Stasis 20 | . . . . . . 8 . . . . . . . . 12 Rewire . | . . . . . . . . . . . . . . . . Trap . | . . . . . . . . . . . . . . . . Miscellaneous . | . . . . . . . . . . . . . . . . Route ------- -11/Scrapyard -10/Materials -10/Mines -10/Exiles -9/Mines -8/Materials -7/Factory -7/Lower Caves -7/Lower Caves -7/Data Miner -6/Proximity Caves -6/Factory -5/Factory -5/Waste -5/Factory -5/Extension History --------- Turn | Location | Event 4 | -11/Scrapyard | Discovered new exit (range 16) 192 | -11/Scrapyard | Entered Materials 315 | -10/Materials | Build established: Mutant 687 | -10/Materials | Core integrity fell below 50% 706 | -10/Materials | Lost 4 parts (2n1u1w) 776 | -10/Materials | Discovered new exit (range 11) 923 | -10/Materials | Entered Mines 1194 | -10/Mines | Build established: Scavenger-Mutant 1272 | -10/Mines | Learned Materials machine intel 1285 | -10/Mines | Deemed a non-threat by the Exiles lab entrance 1287 | -10/Mines | Discovered new exit (range 5) 1295 | -10/Mines | Entered Exiles 1347 | -10/Exiles | Met 8R-AWN 1378 | -10/Exiles | Met EX-HEX 1437 | -10/Exiles | Met EX-BIN 1463 | -10/Exiles | Aligned with FarCom system 1465 | -10/Exiles | Given EX-Vault access code 1511 | -10/Exiles | Opened EX-Vault 1531 | -10/Exiles | Found AWS/Autocannon 1568 | -10/Exiles | Warned to stay clear of 0b10 Research branches 1625 | -10/Exiles | Met EX-DEC 1695 | -10/Exiles | Discovered new exit (range 11) 1712 | -10/Exiles | Left Exiles lab with AWS/Autocannon 1712 | -10/Exiles | Entered Mines 1751 | -9/Mines | Met a Derelict bent on vengeance 1761 | -9/Mines | Excavation squad dispatched 1761 | -9/Mines | A large section of the Mines collapsed 2011 | -9/Mines | Excavation squad dispatched 2419 | -9/Mines | Build established: Mutant 2607 | -9/Mines | Learned Materials stockpile data 2692 | -9/Mines | Discovered new exit (range 12) 2694 | -9/Mines | Found a hidden stash of uninstalled traps 2787 | -9/Mines | Entered Materials 2787 | -8/Materials | Evolved 4 slots: Propulsion x1, Utility x1, Weapon x2 2789 | -8/Materials | Loaded intel: 53 machine locations 3194 | -8/Materials | Build established: Skirmisher 3639 | -8/Materials | Discovered new exit (range 16) 3682 | -8/Materials | Entered Factory 3682 | -7/Factory | Evolved 2 slots: Propulsion x2 4217 | -7/Factory | Discovered new exit (range 3) 4225 | -7/Factory | Entered Lower Caves 4360 | -7/Lower Caves | Spotted B-75 Beast 4364 | -7/Lower Caves | Destroyed B-75 Beast 4508 | -7/Lower Caves | Learned 8 Factory zone layouts 4523 | -7/Lower Caves | Build established: Tank 4600 | -7/Lower Caves | Discovered new exit (range 9) 4789 | -7/Lower Caves | Attracted the attention of an 0b10 checkpoint 4896 | -7/Lower Caves | Destroyed 11 combat bots 4899 | -7/Lower Caves | Attracted the attention of an 0b10 base 4927 | -7/Lower Caves | Learned Factory trap positions 4941 | -7/Lower Caves | Learned location of Armory (-3) 4941 | -7/Lower Caves | Learned Research stockpile data 5609 | -7/Lower Caves | Entered another Lower Caves area 5885 | -7/Lower Caves | Learned location of Zion (-6) 6200 | -7/Lower Caves | Discovered new exit (range 5) 6208 | -7/Lower Caves | Identified exit to Data Miner 6249 | -7/Lower Caves | Entered Data Miner 6249 | -7/Data Miner | Discovered new exit (range 7) 6259 | -7/Data Miner | Identified exit to Proximity Caves 6276 | -7/Data Miner | Met Data Miner 6298 | -7/Data Miner | Learned location of Section 7 (-2) 6298 | -7/Data Miner | Acquired the access code to Warlord's prototype stash 6317 | -7/Data Miner | Received God Mode back door access code from Data Miner 6346 | -7/Data Miner | Entered Proximity Caves 6460 | -6/Proximity Caves | Learned Factory garrison access intel 6513 | -6/Proximity Caves | Build established: Gunner 6521 | -6/Proximity Caves | Found DCF Scrap (14 items) 6652 | -6/Proximity Caves | Spotted B-75 Beast 6664 | -6/Proximity Caves | Destroyed B-75 Beast 6920 | -6/Proximity Caves | Discovered new exit (range 7) 6926 | -6/Proximity Caves | Identified exit to Factory 6939 | -6/Proximity Caves | Entered Factory 6939 | -6/Factory | Evolved 2 slots: Utility x2 6941 | -6/Factory | Loaded intel: 122 trap records 6942 | -6/Factory | Loaded intel: 4 garrison access locations 7198 | -6/Factory | Discovered new exit (range 12) 7222 | -6/Factory | Incoming investigation squad redirected 7279 | -6/Factory | Identified exit to Factory 7280 | -6/Factory | Entered another Factory area 7280 | -5/Factory | Evolved 2 slots: Utility x2 7329 | -5/Factory | Sucked down chute 7329 | -5/Factory | Entered Waste 7336 | -5/Waste | Found Fusion Bomb Launcher 7339 | -5/Waste | Spotted C-40 Crusher 7343 | -5/Waste | Spotted C-40 Crusher 7350 | -5/Waste | Spotted C-40 Crusher 7353 | -5/Waste | Spotted C-40 Crusher 7354 | -5/Waste | Spotted C-40 Crusher 7355 | -5/Waste | Spotted C-40 Crusher 7361 | -5/Waste | Crushed by Compactor (1 part destroyed, 2 dropped) 7363 | -5/Waste | Discovered new exit (range 16) 7363 | -5/Waste | Crushed by Compactor (1 part destroyed, 2 dropped) 7368 | -5/Waste | Identified exit to Factory 7369 | -5/Waste | Entered Factory 7524 | -5/Factory | Spotted B-75 Beast 7684 | -5/Factory | Core integrity fell below 50% 7693 | -5/Factory | Build established: Hacker-Mutant 7693 | -5/Factory | Discovered new exit (range 10) 7705 | -5/Factory | Lost 4 parts (2n1u1w) 7705 | -5/Factory | Identified exit to Extension 7706 | -5/Factory | Entered Extension 7770 | -5/Extension | Disrupted transfer network 7868 | -5/Extension | Lost 3 parts (1n2u) 7928 | -5/Extension | Spotted B-75 Beast 7932 | -5/Extension | Spotted B-75 Beast 7933 | -5/Extension | Core integrity fell below 20% 7938 | -5/Extension | Destroyed by B-75 Beast with Heavy Plasma Cannon Last Messages --------------- 07829_ Field strength at 70. 07830_ Field strength at 64. 07831_ Field strength at 58. 07832_ Field strength at 52. 07833_ Field strength at 46. 07834_ Field strength at 40. 07834_ Imp. Hacking Suite destroyed. 07834_ Critical hit (Burn: +36). 07835_ Field strength at 23. 07836_ Field strength at 17. 07837_ Field strength at 11. 07837_ Hacking Suite destroyed. 07838_ Stasis field depleted. 07843_ Y-64 Sentinel springs to life. 07845_ Penetrated by Slug. 07845_ Slug penetrates Wall. 07849_ Acquired 83 matter. 07934_ Slug penetrates Wall. 07936_ Penetrated by Slug. 07938_ Arm. Huge Wheel destroyed. Map ----- +----------------------------------------------------+ | ####?????????????????????????????????????????????? | | ?????????????????????????????????????????????????? | | ?????????????????????????????????????????????????? | | ?????????????????????????????????????????????????? | | ?????????????????????????????????????????????????? | | ?????????????????????????????????????????????????? | | ?????????????????????????????????????????????????? | | ?????????????????????????????????????????????????? | | ???????????????????????? #???????????????????????? | | ???????????????????????? #???????????????????????? | | ???????????????????????? #???????????????????????? | | ???????????????????????? #??##?##????????????????? | | ?????????????????????### ### ## ##???????????????? | | ?????????????????????#"" ""Y ""??????????????? | | ?????????????????????# " " Y " "????????????? | | ?????????????????????# ????????????? | | ???????????????????### ???????????? | | ####################;# R ???????????? | | % ??????????? | | R ??????????? | | ??????????? | | ?????????? | | ?????????? | | ###################### BB BB #??????????? | | ?????????????????????# BB BB #??????????? | | ?????????????????????# @ #??????????? | | ?????????????????????# #??????????? | | ?????????????????????# #??????????? | | ?????????????????????##;###T#"""#######??????????? | | ??????????????????????##???##????????????????????? | | ?????????????????????????????????????????????????? | | | | | | | | | | | | | | | | | | | | | | | | | | | | | | | | | | | | | | | +----------------------------------------------------+ Best States ------------- Heat Dissipation 47 Energy Generation 14 Energy Capacity 250 Matter Stores 300 Matter Capacity 300 Sight Range 16 Terrain Scan Density 10 Additional Mass Support 6 Armor Coverage 150 Evasion (%) 64 Recoil Reduction 4 Offensive Hacking 32 Defensive Hacking 30 Item Schematics ----------------- Combat Drone Bay | -7/Data Miner | Free Lgt. Regenerative Plating | -7/Data Miner | Free Gravity Neutralizer | -7/Data Miner | Free Cld. Aerolev Unit | -7/Data Miner | Free Force Rifle | -7/Data Miner | Free Nuclear Pulse Array | -7/Data Miner | Free Imp. Recalibrator | -7/Data Miner | Free Wave Gun | -7/Data Miner | Free Robot Schematics ------------------ M-28 Smith | -7/Data Miner | Free W-25 Informer | -7/Data Miner | Free S-27 Virus | -7/Data Miner | Free B-48 Gladiator | -7/Data Miner | Free A-15 Conveyor | -7/Data Miner | Free Fabricated ------------ Nothing Repaired ---------- Nothing Studied --------- None Alien Tech Used ----------------- None Achievements -------------- Bumper Bots Deductive Reasoning Drive-By Challenges ------------ None Game ------ Seed DecoySpectralRocket Manual? 0 Play Time 01:06:52 Cumulative 53.8 hours Start 2025.11.01 @ 10:03:37 End 2025.11.01 @ 20:34:28 Sessions 7 Manual Loads 0 Difficulty Rogue Special Mode None Game No. 66 Rogue 66 Adventurer 0 Explorer 0 Win Type - Total 0 Types 0/0/0/0/0/0/0/0/0/0 Lore% 25 Gallery% 43 Achievement% 26 Wizard Run 0 Options --------- Layout 1 ASCII 0 Keyboard 0 Movement Numpad Keybinds 0 Fullscreen 1 Font 32/SmallcapsGlow Map View 50x35 Zoom Use 0% Tactical HUD 1 Map Filters NONE Filters NONE Steam 1 RUN: 9300204a-7563-402b-860a-cf0275a22073